 Dungeon Crawl Stone Soup version 0.30-a0-634-g8abc85282e (webtiles) character file.

Game seed: 11054273428009868159

3 Sabo the Firebug (level 1, 0/11 HPs)
             Began as an Octopode Fire Elementalist on Jan 14, 2023.
             Slain by a quokka (3 damage)
             ... on level 1 of the Dungeon.
             The game lasted 00:00:34 (57 turns).

Sabo the Firebug (Octopode Fire Elementalist)         Turns: 57, Time: 00:00:35

Health: 0/11       AC:  1    Str:  7    XL:     1   Next: 50%
Magic:  0/3        EV: 13    Int: 17    God:
Gold:   8          SH:  0    Dex: 12    Spells: 3/4 levels left

rFire   . . .      SeeInvis .    (no weapon)
rCold   . . .      Faith    .    (no shield)
rNeg    . . .      Spirit   .    (helmet restricted)
rPois   .          Reflect  .    (no amulet)
rElec   .          Harm     .    (no ring)
rCorr   .          Rampage  .    (no ring)
Will    .....                    (no ring)
Stlth   +++                      (no ring)
HPRegen 0.21/turn                (no ring)
MPRegen 0.08/turn                (no ring)
                                 (no ring)
                                 (no ring)

@: no status effects
A: almost no armour, amphibious, 8 rings, camouflage 1, gelatinous body 1,
(nimble swimmer 1), tentacles
a: no special abilities


You were on level 1 of the Dungeon.
You visited 1 branch of the dungeon, and saw 1 of its levels.

You collected 8 gold pieces.

Inventory:

Potions
 a - a potion of magic


   Skills:
 + Level 2.0 Dodging
 + Level 2.6 Stealth
 + Level 2.2 Spellcasting
 + Level 1.0 Conjurations
 + Level 3.0 Fire Magic


You had 3 spell levels left.
You knew the following spells:

 Your Spells              Type           Power      Damage    Failure   Level
a - Foxfire               Conj/Fire      32%        2x1d5     9%          1

Your spell library contained the following spells:

 Spells                   Type           Power      Damage    Failure   Level
 Scorch                   Fire           24%        2d6       9%          2
 Inner Flame              Hex/Fire       7%         N/A       30%         3
 Kindle Blastsparks       Fire/Tloc/Air  10%        2d10      36%         3
 Flame Wave               Conj/Fire      8%         2d5       63%         4


Dungeon Overview and Level Annotations

Branches:
Dungeon (1/15)

Altars:


Innate Abilities, Weirdness & Mutations

You cannot wear most types of armour.
You are amphibious.
You can wear up to eight rings at the same time.
Your skin changes colour to match your surroundings (Stealth+).
Your rubbery body absorbs attacks. (AC +1, EV +1)
((You are camouflaged when in or above water. (Stealth+)))
You have tentacles for arms and can constrict up to eight enemies at once.


Message History

Confirm with . or Enter, or press ? or * to list all spells.
You conjure some foxfire!
The dart slug closely misses you. The frilled lizard barely misses you.
A dart slug comes into view.
The foxfire hits the frilled lizard.
You kill the frilled lizard!
The foxfire hits the dart slug.
The dart slug is severely wounded.
The dart slug closely misses you.
Casting: Foxfire (safe; 9% risk of failure)
Confirm with . or Enter, or press ? or * to list all spells.
You conjure some foxfire!
The dart slug closely misses you.
The foxfire hits the dart slug but does no damage.
The dart slug is severely wounded.
The foxfire hits the dart slug.
The dart slug is almost dead.
The quokka misses you.
You tentacle-slap the dart slug but do no damage.
You grab the dart slug. You squeeze the dart slug.
You kill the dart slug!
The quokka bites you. The quokka misses you.
You see here a dart slug corpse.
You tentacle-slap the dart slug but do no damage.
You grab the dart slug. You constrict the dart slug.
The quokka completely misses you. The dart slug closely misses you.
The quokka misses you.
You tentacle-slap the dart slug.
You squeeze the dart slug, but do no damage.
The dart slug is heavily wounded.
You constrict the dart slug. The quokka barely misses you.
The dart slug launches a dart at you. The slug dart hits you.
* * * LOW HITPOINT WARNING * * *
You tentacle-slap the dart slug. You squeeze the dart slug.
The dart slug is almost dead.
You constrict the dart slug.
You kill the dart slug!
The quokka bites you.
You die...

...# ########## ...#
#........# ...#
#..(.....#### ...#
#...........#
...########...........##
#.........'.............
#.........#..$........##
#.........#.....r.......
#.#####.###.....@.......
... #8'''8########.....)
#.# #.###.# ...... #..
##...## ..... ###
#..<..# ..... #######
.... ....


You could see a quokka.

Vanquished Creatures
  2 dart slugs (D:1)
  A frilled lizard (D:1)
3 creatures vanquished.

Vanquished Creatures (others)
  6 foxfires (D:1)
6 creatures vanquished.

Grand Total: 9 creatures vanquished

Notes
Turn   | Place    | Note
-------+----------+-------------------------------------------
     0 | D:1      | Sabo the Octopode Fire Elementalist began the quest for the
                  | Orb.
     0 | D:1      | Reached XP level 1. HP: 11/11 MP: 3/3
    57 | D:1      | Slain by a quokka

Illustrated notes

Levels and vault maps discovered:
D:1:      saegor_arrival_simple_c, layout_basic

Action                   || total
-------------------------++-------
Melee: Unarmed           ||     4
       Tentacles         ||     3
       Constrict         ||     2
 Cast: Foxfire           ||     3
Dodge: Dodged            ||    12

Table legend: (Time is in decaauts)
 A = Elapsed time spent in this place.
 B = Non-inter-level travel time spent in this place.
 C = Inter-level travel time spent in this place.
 D = Time resting spent in this place.
 E = Time spent auto-exploring this place.
 F = Levels seen in this place.
 G = Mean time per level.
                   A        B        C        D        E       F      G
               +--------+--------+--------+--------+--------+-----+--------+
         Total |     57 |     57 |      0 |      0 |      0 |   1 |   57.0 |
       Dungeon |     57 |     57 |      0 |      0 |      0 |   1 |   57.0 |
               +--------+--------+--------+--------+--------+-----+--------+

Top non-repeatable levels by time:
     D:1: 57 daAuts
